EL
SAN JOSE GIANTS @ ALTOONA CURVE
08/04/2047
 
TOP OF THE 1ST
San Jose Giants batting - Pitching for Altoona Curve : RHP Alex Romero
Pitching: RHP Alex Romero
Batting: LHB Cesar Arteaga 0-0: Foul Ball, location: 2F
0-1: Foul Ball, location: 2F
0-2: Ball
1-2: SINGLE (Line Drive, 89S, EV 98.1 MPH)
Batting: RHB Dave Crouch 0-0: Ball
1-0: Ball
2-0: Grounds into double play, 6-4-3 (Groundball, 6M, EV 103.1 MPH)
Batting: RHB Cesar Martinez 0-0: Swinging Strike
0-1: Ball
1-1: Called Strike
1-2: Strikes out swinging, 2-3 out at first.
Top of the 1st over - 0 runs, 1 hit, 0 errors, 0 left on base; San Jose 0 - Altoona 0
BOTTOM OF THE 1ST
Altoona Curve batting - Pitching for San Jose Giants : RHP Jim Sprayberry
Pitching: RHP Jim Sprayberry
Batting: LHB Joe Hoover 0-0: Ball
1-0: Ball
2-0: Foul Ball, location: 2F
2-1: Ground out U3 (Groundball, 3, EV 87.5 MPH)
Batting: RHB Chris McCoy 0-0: Ball
1-0: Ball
2-0: TRIPLE (Flyball, 78XD, EV 102.5 MPH)
Batting: LHB Phil DeCamp 0-0: Fly out, F8 (Flyball, 8LD, EV 88.1 MPH)
Runner from 3rd tags up, SCORES, no throw by CF
Batting: RHB Zach Chmieleski 0-0: Ball
1-0: Fly out, F8 (Line Drive, 8LD, EV 90.6 MPH)
Bottom of the 1st over - 1 run, 1 hit, 0 errors, 0 left on base; San Jose 0 - Altoona 1
TOP OF THE 2ND
San Jose Giants batting - Pitching for Altoona Curve : RHP Alex Romero
Batting: RHB Yutaka Oki 0-0: Called Strike
0-1: Ground out 6-3 (Groundball, 6, EV 87.5 MPH)
Batting: RHB Justin Baldwin 0-0: Fly out, F8 (Flyball, 8LD, EV 91.9 MPH)
Batting: LHB Josh Straub 0-0: Foul Ball, location: 2F
0-1: Called Strike
0-2: Foul Ball, location: 2F
0-2: Ball
1-2: Fly out, F8 (Flyball, 89XD, EV 95.0 MPH)
Top of the 2nd over - 0 runs, 0 hits, 0 errors, 0 left on base; San Jose 0 - Altoona 1
BOTTOM OF THE 2ND
Altoona Curve batting - Pitching for San Jose Giants : RHP Jim Sprayberry
Batting: SHB Mike Corley 0-0: Called Strike
0-1: Ground out 4-3 (Groundball, 34, EV 106.9 MPH)
Batting: RHB John Goynes 0-0: Ball
1-0: Ball
2-0: Ball
3-0: Called Strike
3-1: Base on Balls
Batting: LHB Ruben Garza 0-0: Ball
1-0: Ball
2-0: Fly out, F8 (Line Drive, 8RM, EV 103.1 MPH)
Batting: LHB Brandon Sarni 0-0: Ball
1-0: Fly out, F7 (Flyball, 7D, EV 91.9 MPH)
Bottom of the 2nd over - 0 runs, 0 hits, 0 errors, 1 left on base; San Jose 0 - Altoona 1
TOP OF THE 3RD
San Jose Giants batting - Pitching for Altoona Curve : RHP Alex Romero
Batting: RHB Dinand Brouwer 0-0: Swinging Strike
0-1: Ball
1-1: Ball
2-1: Foul Ball, location: 2F
2-2: Strikes out swinging
Batting: SHB David Barona 0-0: Swinging Strike
0-1: Ball
1-1: Reached on error, E3 (Groundball, 34, EV 101.9 MPH)
Batting: RHB Nick Wicker 0-0: Ball
1-0: Foul Ball, location: 2F
1-1: Ball
2-1: Ball
3-1: Foul Ball, location: 2F
3-2: SINGLE (Groundball, 6MD, EV 99.4 MPH)
David Barona to second
Runner from 2nd tries for 3rd, OUT! 8-5
Nick Wicker to second
Batting: LHB Cesar Arteaga 0-0: Called Strike
0-1: Swinging Strike
0-2: Ball
1-2: Ball
2-2: Ball
3-2: Base on Balls
Batting: RHB Dave Crouch 0-0: Ball
1-0: Ball
2-0: Ground out 3-1 (Groundball, 34, EV 78.1 MPH)
Top of the 3rd over - 0 runs, 1 hit, 1 error, 2 left on base; San Jose 0 - Altoona 1
BOTTOM OF THE 3RD
Altoona Curve batting - Pitching for San Jose Giants : RHP Jim Sprayberry
Batting: RHB Pleun Smit 0-0: Ball
1-0: SINGLE (Groundball, 6MS, EV 73.1 MPH) (infield hit)
Batting: LHB Joe Hoover 0-0: Ball
1-0: Foul Ball, location: 2F
1-1: Ball
2-1: Called Strike
2-2: DOUBLE (Line Drive, 7LS, EV 88.8 MPH)
Pleun Smit to third
Runner from 3rd tries for Home, throw by LF and OUT! 7-6-2
Runner from 2nd tries for 3rd, throw by C and OUT! 2-6-5 Double Play!
Batting: RHB Chris McCoy 0-0: Called Strike
0-1: Swinging Strike
0-2: Foul Ball, location: 2F
0-2: Strikes out swinging
Bottom of the 3rd over - 0 runs, 2 hits, 0 errors, 0 left on base; San Jose 0 - Altoona 1
TOP OF THE 4TH
San Jose Giants batting - Pitching for Altoona Curve : RHP Alex Romero
Batting: RHB Cesar Martinez 0-0: Called Strike
0-1: Ball
1-1: Foul Ball, location: 2F
1-2: Foul Ball, location: 2F
1-2: Ball
2-2: Strikes out swinging
Batting: RHB Yutaka Oki 0-0: Called Strike
0-1: SINGLE (Groundball, 56S, EV 65.6 MPH) (infield hit)
Batting: RHB Justin Baldwin 0-0: Called Strike
Yutaka Oki steals 2nd base
0-1: Ball
1-1: Ground out 6-3 (Groundball, 4MS, EV 81.9 MPH)
Yutaka Oki to third
Batting: LHB Josh Straub 0-0: Fly out, F7 (Flyball, 7, EV 81.2 MPH)
Top of the 4th over - 0 runs, 1 hit, 0 errors, 1 left on base; San Jose 0 - Altoona 1
BOTTOM OF THE 4TH
Altoona Curve batting - Pitching for San Jose Giants : RHP Jim Sprayberry
Batting: LHB Phil DeCamp 0-0: Ball
1-0: SOLO HOME RUN (Flyball, 9D, EV 99.4 MPH), Distance : 391 ft
Batting: RHB Zach Chmieleski 0-0: Ball
1-0: Foul Ball, location: 2F
1-1: Ground out 5-3 (Groundball, 56S, EV 85.0 MPH)
Batting: SHB Mike Corley 0-0: Ground out 4-3 (Groundball, 34, EV 103.8 MPH)
Batting: RHB John Goynes 0-0: Ball
1-0: Called Strike
1-1: Ball
2-1: Foul Ball, location: 2F
2-2: Strikes out looking
Bottom of the 4th over - 1 run, 1 hit, 0 errors, 0 left on base; San Jose 0 - Altoona 2
TOP OF THE 5TH
San Jose Giants batting - Pitching for Altoona Curve : RHP Alex Romero
Batting: RHB Dinand Brouwer 0-0: Ball
1-0: Ball
2-0: Ground out 5-3 (Groundball, 5, EV 82.5 MPH)
Batting: SHB David Barona 0-0: Ball
1-0: Foul Ball, location: 2F
1-1: Ball
2-1: Ball
3-1: SINGLE (Line Drive, 9S, EV 101.9 MPH)
Batting: RHB Nick Wicker 0-0: Ball
David Barona steals 2nd base
1-0: Ball
2-0: Ball
3-0: Base on Balls
Batting: LHB Cesar Arteaga 0-0: Grounds into double play, 4-6-3 (Groundball, 4, EV 84.4 MPH)
Top of the 5th over - 0 runs, 1 hit, 0 errors, 1 left on base; San Jose 0 - Altoona 2
BOTTOM OF THE 5TH
Altoona Curve batting - Pitching for San Jose Giants : RHP Jim Sprayberry
Batting: LHB Ruben Garza 0-0: Called Strike
0-1: Called Strike
0-2: Strikes out swinging
Batting: LHB Brandon Sarni 0-0: Called Strike
0-1: Ball
1-1: Ball
2-1: Ball
3-1: Swinging Strike
3-2: Foul Ball, location: 2F
3-2: Ground out 4-3 (Groundball, 4, EV 88.8 MPH)
Batting: RHB Pleun Smit 0-0: Ball
1-0: Called Strike
1-1: Called Strike
1-2: Ball
2-2: Foul Ball, location: 2F
2-2: Strikes out swinging
Bottom of the 5th over - 0 runs, 0 hits, 0 errors, 0 left on base; San Jose 0 - Altoona 2
TOP OF THE 6TH
San Jose Giants batting - Pitching for Altoona Curve : RHP Alex Romero
Batting: RHB Dave Crouch 0-0: Called Strike
0-1: Ball
1-1: Foul Ball, location: 2F
1-2: Foul Ball, location: 2F
1-2: Ball
2-2: Ball
3-2: Strikes out swinging
Batting: RHB Cesar Martinez 0-0: Ball
1-0: Foul Ball, location: 2F
1-1: Foul Ball, location: 2F
1-2: Strikes out swinging
Batting: RHB Yutaka Oki 0-0: Ball
1-0: Ground out 4-3 (Groundball, 4, EV 83.8 MPH)
Top of the 6th over - 0 runs, 0 hits, 0 errors, 0 left on base; San Jose 0 - Altoona 2
BOTTOM OF THE 6TH
Altoona Curve batting - Pitching for San Jose Giants : RHP Jim Sprayberry
Batting: LHB Joe Hoover 0-0: Ball
1-0: Foul Ball, location: 2F
1-1: Ball
2-1: Foul Ball, location: 2F
2-2: Ground out 4-3 (Groundball, 4, EV 88.8 MPH)
Batting: RHB Chris McCoy 0-0: Called Strike
0-1: Ball
1-1: SINGLE (Groundball, 6MD, EV 96.2 MPH)
Batting: LHB Phil DeCamp 0-0: Ball
Chris McCoy is caught stealing 2nd base 2-6
1-0: Called Strike
1-1: Ball
2-1: Ball
3-1: DOUBLE (Line Drive, 78D, EV 108.8 MPH)
Batting: RHB Zach Chmieleski 0-0: Intentional Walk
Batting: SHB Mike Corley 0-0: Foul Ball, location: 2F
0-1: Ball
1-1: Ball
2-1: Swinging Strike
2-2: Strikes out swinging
Bottom of the 6th over - 0 runs, 2 hits, 0 errors, 2 left on base; San Jose 0 - Altoona 2
TOP OF THE 7TH
San Jose Giants batting - Pitching for Altoona Curve : RHP Alex Romero
Batting: RHB Justin Baldwin 0-0: Called Strike
0-1: Ball
1-1: Ball
2-1: SINGLE (Groundball, 4MD, EV 101.2 MPH)
Batting: LHB Josh Straub 0-0: Ball
1-0: Foul Ball, location: 2F
1-1: Ball
2-1: Called Strike
2-2: Fielders Choice at 2nd, 6-4 (Groundball, 6, EV 80.6 MPH)
Pinch Hitting: LHB Jared Paige 0-0: Ball
Josh Straub steals 2nd base
1-0: Ball
2-0: Ground out 5-3 (Groundball, 56, EV 108.8 MPH)
Batting: SHB David Barona 0-0: Called Strike
0-1: Ball
1-1: Foul Ball, location: 2F
1-2: Foul Ball, location: 2F
1-2: Ball
2-2: Strikes out swinging
Top of the 7th over - 0 runs, 1 hit, 0 errors, 1 left on base; San Jose 0 - Altoona 2
BOTTOM OF THE 7TH
Altoona Curve batting - Pitching for San Jose Giants : RHP Jim Sprayberry
Now at 1B: Micah McErlean
Batting: RHB John Goynes 0-0: Ball
1-0: Ball
2-0: Ground out 4-3 (Groundball, 4S, EV 63.1 MPH)
Batting: LHB Ruben Garza 0-0: Ball
1-0: Ball
2-0: Ball
3-0: Called Strike
3-1: Base on Balls
Batting: LHB Brandon Sarni 0-0: Ball
1-0: 2-RUN HOME RUN (Flyball, 9D, EV 98.1 MPH), Distance : 394 ft
Batting: RHB Pleun Smit 0-0: Foul Ball, location: 2F
0-1: Ball
1-1: Swinging Strike
1-2: Foul Ball, location: 2F
1-2: SINGLE (Groundball, 5S, EV 76.2 MPH) (infield hit)
Pitching: RHP Sanya Mikushevich
Batting: LHB Joe Hoover 0-0: Bunted foul
0-1: SINGLE (Groundball, 34D, EV 104.4 MPH) (infield hit)
Pleun Smit to second
Batting: RHB Chris McCoy 0-0: SINGLE (Groundball, 6M, EV 105.0 MPH)
Pleun Smit to third
Joe Hoover to second
Runner from 3rd tries for Home, SAFE, throw by CF to home
Batting: LHB Phil DeCamp 0-0: Called Strike
0-1: Called Strike
0-2: Foul Ball, location: 2F
0-2: Ball
1-2: 3-RUN HOME RUN (Flyball, 9LD, EV 92.5 MPH), Distance : 335 ft
Pinch Hitting: RHB Killian Jones 0-0: Ball
1-0: Ball
2-0: Foul Ball, location: 2F
2-1: Foul Ball, location: 2F
2-2: Ball
3-2: Fly out, F7 (Line Drive, 7S, EV 92.5 MPH)
Batting: SHB Mike Corley 0-0: Ground out 6-3 (Groundball, 4M, EV 78.8 MPH)
Bottom of the 7th over - 6 runs, 5 hits, 0 errors, 0 left on base; San Jose 0 - Altoona 8
TOP OF THE 8TH
San Jose Giants batting - Pitching for Altoona Curve : RHP Alex Romero
Now at 1B: Killian Jones
Batting: RHB Nick Wicker 0-0: Called Strike
0-1: Ball
1-1: Ball
2-1: Swinging Strike
2-2: Foul Ball, location: 2F
2-2: Foul Ball, location: 2F
2-2: Ground out U3 (Groundball, 34, EV 83.1 MPH)
Batting: LHB Cesar Arteaga 0-0: SOLO HOME RUN (Flyball, 89XD, EV 106.2 MPH), Distance : 414 ft
Pitching: RHP Francisco Castillo
Pinch Hitting: LHB Gabe Velez 0-0: Ball
1-0: Ground out 4-3 (Groundball, 34, EV 106.9 MPH)
Batting: RHB Cesar Martinez 0-0: Ball
1-0: Ball
2-0: Ball
3-0: Called Strike
3-1: Foul Ball, location: 2F
3-2: Strikes out swinging
Top of the 8th over - 1 run, 1 hit, 0 errors, 0 left on base; San Jose 1 - Altoona 8
BOTTOM OF THE 8TH
Altoona Curve batting - Pitching for San Jose Giants : RHP Sanya Mikushevich
Now in RF: Gabe Velez
Batting: RHB John Goynes 0-0: Ball
1-0: Ground out U3 (Groundball, 34S, EV 84.4 MPH)
Batting: LHB Ruben Garza 0-0: Called Strike
0-1: Called Strike
0-2: Ball
1-2: Foul Ball, location: 2F
1-2: Ground out 4-3 (Groundball, 34, EV 87.5 MPH)
Batting: LHB Brandon Sarni 0-0: Called Strike
0-1: Ball
1-1: Ball
2-1: Called Strike
2-2: Foul Ball, location: 2F
2-2: Foul Ball, location: 2F
2-2: Ball
3-2: Base on Balls
Batting: RHB Pleun Smit 0-0: Ball
1-0: Ball
2-0: Ball
3-0: Base on Balls
Brandon Sarni to second
Pitching: LHP Matt Bagnall
Batting: LHB Joe Hoover 0-0: Ball
1-0: DOUBLE (Line Drive, 8RD, EV 109.4 MPH)
Brandon Sarni scores
Pleun Smit to third
Runner from 3rd tries for Home, SAFE, no throw by CF
Batting: RHB Chris McCoy 0-0: Called Strike
0-1: Ground out 5-3 (Groundball, 5, EV 91.2 MPH)
Bottom of the 8th over - 2 runs, 1 hit, 0 errors, 1 left on base; San Jose 1 - Altoona 10
TOP OF THE 9TH
San Jose Giants batting - Pitching for Altoona Curve : RHP Francisco Castillo
Batting: RHB Yutaka Oki 0-0: Ball
1-0: Ball
2-0: Called Strike
2-1: Swinging Strike
2-2: Foul Ball, location: 2F
2-2: SINGLE (Line Drive, 9S, EV 96.9 MPH)
Batting: RHB Justin Baldwin 0-0: Foul Ball, location: 2F
0-1: Ball
1-1: Foul Ball, location: 2F
1-2: Foul Ball, location: 2F
1-2: SINGLE (Groundball, 6M, EV 93.8 MPH) (infield hit)
Yutaka Oki to second
Batting: LHB Josh Straub 0-0: Ball
1-0: Foul Ball, location: 2F
1-1: Foul Ball, location: 2F
1-2: Strikes out looking
Pinch Hitting: LHB David Ramirez 0-0: Ball
1-0: Ball
2-0: Swinging Strike
2-1: Ball
3-1: Foul Ball, location: 2F
3-2: Base on Balls
Yutaka Oki to third
Justin Baldwin to second
Batting: SHB David Barona 0-0: Called Strike
0-1: Fly out, F8 (Flyball, 8LD, EV 97.5 MPH)
Runner from 3rd tags up, SCORES, no throw by CF
Batting: RHB Nick Wicker 0-0: Ball
1-0: Ball
2-0: Ball
3-0: Called Strike
3-1: Fly out, F9 (Flyball, 89D, EV 85.0 MPH)
Top of the 9th over - 1 run, 2 hits, 0 errors, 2 left on base; San Jose 2 - Altoona 10
Thursday, December 15th , 2022 - OOTP Baseball 23.9 Build 102